 Dungeon Crawl Stone Soup version 0.28.0-43-g3370ac3207 (webtiles) character file.

Game seed: 7723583590904126004

122 styxcanada the Firebug (level 4, 0/24 HPs)
             Began as a Deep Elf Fire Elementalist on Feb 28, 2022.
             Slain by Grinder (4 damage)
             ... on level 3 of the Dungeon.
             The game lasted 00:10:14 (2896 turns).

styxcanada the Firebug (Deep Elf Fire Elementalist) Turns: 2896, Time: 00:10:14

Health: 0/24       AC:  2    Str:  5    XL:     4   Next: 78%
Magic:  1/12       EV: 13    Int: 22    God:
Gold:   65         SH:  0    Dex: 15    Spells: 8/11 levels left

rFire   . . .      SeeInvis .   l - +0 short sword
rCold   . . .      Faith    .   (no shield)
rNeg    . . .      Spirit   .   a - +0 robe
rPois   .          Reflect  .   (no helmet)
rElec   .          Harm     .   (no cloak)
rCorr   .          Rampage  .   (no gloves)
Will    .....                   (no boots)
Stlth   ++........              (no amulet)
HPRegen 0.08/turn               (no ring)
MPRegen 0.13/turn               (no ring)

@: no status effects
A: no striking features
a: no special abilities


You were on level 3 of the Dungeon.
You visited 1 branch of the dungeon, and saw 4 of its levels.

You collected 65 gold pieces.

Inventory:

Hand Weapons
 d - a +0 dagger
 e - a +0 hunting sling
 l - a +0 short sword (weapon)
Missiles
 b - 49 stones
 g - 22 sling bullets
Armour
 a - a +0 robe (worn)
Potions
 c - a potion of curing {unknown}
 f - a potion of heal wounds
 i - a potion of brilliance
 j - a potion of might {unknown}
 k - a potion of magic {unknown}


   Skills:
 + Level 0.2 Fighting
 + Level 0.8 Short Blades
 + Level 3.1 Dodging
 * Level 3.2 Stealth
 + Level 4.2 Spellcasting
 + Level 1.9 Conjurations
 + Level 4.3 Fire Magic


You had 8 spell levels left.
You knew the following spells:

 Your Spells              Type           Power      Damage    Failure   Level
a - Foxfire               Conj/Fire      72%        2x1d7     3%          1
b - Scorch                Fire           46%        2d7       2%          2

Your spell library contained the following spells:

 Spells                   Type           Power      Damage    Failure   Level
 Conjure Flame            Conj/Fire      18%        6-21      9%          3
 Animate Skeleton         Necr           8%         N/A       11%         1
 Apportation              Tloc           8%         N/A       11%         1
 Pain                     Necr           16%        1d4       11%         1
 Summon Small Mammal      Summ           16%        N/A       11%         1
 Inner Flame              Hex/Fire       14%        N/A       14%         3
 Corpse Rot               Necr/Air       8%         N/A       17%         2
 Flame Wave               Conj/Fire      18%        2d6       30%         4
 Dispel Undead            Necr           4%         3d7       73%         4
 Agony                    Necr           4%         N/A       97%         5
 Excruciating Wounds      Necr           2%         N/A       97%         5
 Death Channel            Necr           2%         N/A       100%        6


Dungeon Overview and Level Annotations

Branches:
Dungeon (4/15)
 Temple: D:4-7

Altars:

Annotations:
D:3 Grinder


Message History

Pain shoots through your body!
The foxfire hits Grinder but does no damage.
Grinder is lightly wounded.
Casting: Foxfire (safe; 3% risk of failure)
Confirm with . or Enter, or press ? or * to list all spells.
Flames lash Grinder.
Grinder is heavily wounded.
Grinder's fire resistance burns away.
You hear a shout!
Casting: Scorch (safe; 2% risk of failure)
Confirm with . or Enter, or press ? or * to list all spells.
Flames lash Grinder.
Grinder is burned terribly!
Grinder is severely wounded.
You hear a shout!
An endoplasm comes into view.
Casting: Scorch (safe; 2% risk of failure)
Confirm with . or Enter, or press ? or * to list all spells.
Flames lash Grinder but do no damage.
A rat comes into view.
Grinder gestures at you.
You barely resist.
Casting: Scorch (safe; 2% risk of failure)
Confirm with . or Enter, or press ? or * to list all spells.
Flames lash Grinder.
Grinder is burned terribly!
Grinder is severely wounded.
Grinder barely misses you.
Casting: Scorch (safe; 2% risk of failure)
Confirm with . or Enter, or press ? or * to list all spells.
Flames lash Grinder.
Grinder is burned terribly!
Grinder is almost dead.
Grinder hits you.
You writhe in agony.
Casting: Scorch (safe; 2% risk of failure)
Confirm with . or Enter, or press ? or * to list all spells.
You don't have enough magic to cast this spell.
Casting: Scorch (safe; 2% risk of failure)
Confirm with . or Enter, or press ? or * to list all spells.
You conjure some foxfire!
Grinder hits you.
* * * LOW HITPOINT WARNING * * *
You writhe in agony.
You die...

#.......K ##.
#######.#..... ..
.............# ..
.....)..#....###.
........##.r.#.K
........##..J#.#
........##...#.#
............(v.#
...........5@v.#
...............#
........#...>###
........#†####
.......(#..
........#...
..........#..
###....^..#.##


You could see Grinder (combustible, ally target), an endoplasm, a kobold and a
rat.

Vanquished Creatures
  6 adders
  A worm (D:2)
  2 dart slugs (D:1)
  5 endoplasms
  3 giant cockroaches
  6 goblins
  4 hobgoblins
  6 jackals (D:1)
  5 kobolds
  2 quokkas (D:1)
  6 ball pythons
  5 bats
  4 frilled lizards
  5 rats
60 creatures vanquished.

Vanquished Creatures (others)
  111 foxfires
111 creatures vanquished.

Grand Total: 171 creatures vanquished

Notes
Turn   | Place    | Note
-------+----------+-------------------------------------------
     0 | D:1      | styxcanada the Deep Elf Fire Elementalist began the quest
                  | for the Orb.
     0 | D:1      | Reached XP level 1. HP: 10/10 MP: 6/6
   128 | D:1      | Reached XP level 2. HP: 15/15 MP: 0/8
   672 | D:1      | Found a faded altar of an unknown god.
   822 | D:1      | Reached XP level 3. HP: 8/19 MP: 8/10
  1067 | D:1      | Learned a level 2 spell: Scorch
  1169 | D:1      | You fall into a shaft and drop 1 floor!
  1508 | D:2      | Reached XP level 4. HP: 23/24 MP: 4/11
  2745 | D:3      | Noticed Grinder
  2775 | D:3      | Paralysed by Grinder for 7 turns
  2896 | D:3      | Slain by Grinder

Illustrated notes

Levels and vault maps discovered:
D:1:      minmay_arrival_cross, layout_loops_ring,
          ebering_ecumenical_altar_webs, chequers_serial_rivers_micro_d
D:2:      layout_basic
D:3:      layout_basic, serial_shops,
          nicolae_shop_temple_entry_statues_fountains, uniq_grinder
D:4:      layout_basic, ebering_ghost_sewer_d

Skill      XL: |  1  2  3  4 |
---------------+-------------+-----
Dodging        | 3 |  3.1
Fire Magic     | 4 |  4.3
Stealth        | 3 |  3.2
Spellcasting   | 4 |  4.2
Fighting       | |  0.2
Short Blades   | |  0.8
Conjurations   | |  1.9

Action                   |  1- 3 |  4- 6 || total
-------------------------+-------+-------++-------
Melee: Dagger            |    24 |    15 ||    39
 Cast: Foxfire           |    50 |    20 ||    70
       Scorch            |     1 |    13 ||    14
  Use: Scroll            |       |     3 ||     3
 Stab: Sleeping          |     1 |     4 ||     5
Armor: Robe              |     9 |     1 ||    10
Dodge: Dodged            |    32 |     8 ||    40
